 Dungeon Crawl Stone Soup version 0.17.0-23-g0de4337 (webtiles) character file.

10857 Dirtsage the Martial Artist (level 11, -7/77 HPs)
             Began as an Octopode Monk on Nov 13, 2015.
             Was the Champion of Zin.
             Mangled by a five-headed hydra (17 damage)
             ... on level 11 of the Dungeon.
             The game lasted 00:43:59 (12918 turns).

Dirtsage the Martial Artist (Octopode Monk)        Turns: 12918, Time: 00:43:59

Health: -7/77      AC:  1    Str: 16    XL:     11   Next: 68%
Magic:  15/16      EV: 20    Int: 16    God:    Zin [******]
Gold:   512        SH:  8    Dex: 19    Spells: 1 memorised, 5 levels left

rFire  . . .     SeeInvis .       - Unarmed
rCold  . . .     Clarity  .     k - +2 buckler
rNeg   . . .     SustAt   +     (helmet restricted)
rPois  ∞         Gourm    .     F - amulet of stasis
rElec  .         Spirit   .     v - +4 ring of strength
rCorr  .         Warding  .     z - ring of sustain attributes
rMut   .         Stasis   +     (no ring)
MR     .....                    (no ring)
Stlth  ++++......               (no ring)
                                (no ring)
                                (no ring)
                                (no ring)

@: vitalised, not resistant to hostile enchantments, stealthy
A: almost no armour, amphibious, 8 rings, constrict 8, camouflage 1, gelatinous
body 1
a: Recite, Vitalisation, Imprison, Sanctuary, Donate Gold, Cure All Mutations,
Renounce Religion


You were on level 11 of the Dungeon.
You worshipped Zin.
Zin was exalted by your worship.
You were not hungry.

You visited 2 branches of the dungeon, and saw 12 of its levels.

You collected 599 gold pieces.
You donated 87 gold pieces to Zin.

Inventory:

Missiles
 l - 20 poisoned needles
Armour
 k - a +2 buckler (worn)
Jewellery
 b - an uncursed amulet of clarity
 v - a +4 ring of strength (left tentacle)
 z - a ring of sustain attributes (right tentacle)
 B - an uncursed amulet of regeneration
 E - the amulet of Reimbursement {-Tele +Rage rElec rF+}
   (You took it off Erica on level 8 of the Dungeon)

   [amulet of rage]

   It protects you from fire.
   It insulates you from electricity.
   It lets you go berserk.
   It prevents most forms of teleportation.
 F - an amulet of stasis (around mantle)
Wands
 o - a wand of paralysis (14)
 t - a wand of slowing (33)
 C - a wand of flame (25)
Scrolls
 c - a scroll of vulnerability {unknown}
 d - 2 scrolls of identify
 e - 4 scrolls of enchant armour {unknown}
 g - a scroll of fear {unknown}
 m - 3 scrolls of teleportation {unknown}
 n - 9 scrolls of remove curse
 p - a scroll of random uselessness {unknown}
 s - 2 scrolls of recharging {unknown}
 u - 2 scrolls of enchant weapon {unknown}
 x - 2 scrolls of magic mapping
 y - a scroll of amnesia {unknown}
 A - a scroll of fog {unknown}
Potions
 f - 2 potions of flight
 h - a potion of curing
 j - a potion of might
 r - 3 potions of agility
Miscellaneous
 w - a crystal ball of energy
Comestibles
 a - 9 bread rations
 i - 6 beef jerkies
 q - 6 meat rations
 H - 5 fruits


   Skills:
 + Level 7.9 Fighting
 + Level 10.1 Dodging
 - Level 2.6 Stealth
 - Level 4.1 Shields
 + Level 11.6 Unarmed Combat
 + Level 7.1 Invocations


You had 5 spell levels left.
You knew the following spells:

 Your Spells              Type           Power        Failure   Level  Hunger
a - Summon Mana Viper     Hex/Summ       #.......     100%        5    ######.


Dungeon Overview and Level Annotations

Branches:
Dungeon (11/15)            Temple (1/1) D:4            Lair (0/8) D:9
    Orc: D:9-12

Altars:
Ashenzari
Cheibriados
Dithmenos
Elyvilon
Fedhas
Gozag
Kikubaaqudgha
Makhleb
Nemelex Xobeh
Okawaru
Qazlal
Ru
Sif Muna
Trog
Vehumet
Xom
Yredelemnul
Zin
The Shining One

Shops:
D:4 (


Innate Abilities, Weirdness & Mutations

You cannot wear most types of armour.
You are amphibious.
You can wear up to eight rings at the same time.
You can use your tentacles to constrict eight enemies at once.
Your skin changes colour to match your surroundings (Stealth).
Your rubbery body absorbs attacks (AC +1).


Message History

Read which item? (? for menu, Esc to quit)
Okay, then.
Drink which item? (? for menu, Esc to quit)
Okay, then.
You barely miss the five-headed hydra. You squeeze the five-headed hydra!
The five-headed hydra is severely wounded.
You tentacle-slap the five-headed hydra but do no damage.
Your tentacle-slap misses the five-headed hydra.
You squeeze the five-headed hydra, but do no damage.
The five-headed hydra is severely wounded.
You block the five-headed hydra's attack.
The five-headed hydra closely misses you.
The five-headed hydra misses you.
You block the five-headed hydra's attack.
The five-headed hydra closely misses you.
You bludgeon the five-headed hydra! You squeeze the five-headed hydra!
The five-headed hydra is almost dead.
The five-headed hydra completely misses you.
The five-headed hydra bites you!
You die...

#.......# ######'##
#.# ##+## #.##
....# #..# ....#
####.## ....#
#.....####### ....#
#
#...........##....#
##
#.....#####..@D...#
.###.....#
####....#
..##.....# .!..#
#..#.....# ....#
##.(.....# ....#
###.....# ##+##
####.## ##..# #..##


You could see a five-headed hydra.

Vanquished Creatures
  Josephine (D:11)
  Erica (D:8)
  An ugly thing (D:8)
  Maurice (D:8)
  Prince Ribbit (D:7)
  A blink frog (D:9)
  A wyvern (D:8)
  2 yaks (D:9)
  2 deep elf magi
  3 hippogriffs
  A hungry ghost (D:8)
  Grum (D:8)
  Menkaure (D:7)
  2 humans (D:7)
  5 wraiths
  A water moccasin (D:10)
  The ghost of cireshan the Conjurer, an amateur DECj of Sif Muna (D:6)
  4 wolves (D:8)
  2 orc warriors (D:8)
  3 black bears
  A phantom (D:5)
  A wasp (D:10)
  2 necrophages (D:8)
  4 sky beasts
  4 centaurs
  7 ogres
  5 giant frogs
  2 gnoll sergeants (D:5)
  The ghost of MDvedh the Firebug, an amateur VSFE (D:4)
  2 big kobolds
  A killer bee (D:5)
  A water moccasin skeleton (D:8)
  2 scorpions (D:8)
  4 wights
  3 crimson imps
  6 giant frog zombies
  3 jellies
  4 centaur skeletons
  4 orc priests
  A quasit (D:9)
  7 orc wizards
  12 worker ants
  5 hounds
  5 iguanas
  2 giant frog skeletons (D:5)
  A killer bee zombie (D:11)
  A hound zombie (D:9)
  3 hound skeletons
  12 adders
  4 gnolls
  A shadow imp (D:11)
  2 adder zombies
  5 worms
  8 giant geckos
  21 orcs
  9 bats
  13 goblins
  11 hobgoblins
  10 jackals
  7 quokkas
  A ball python (D:5)
  9 giant cockroaches
  4 giant newts
  A jackal skeleton (D:9)
  A jackal zombie (D:5)
  13 kobolds
  A quokka skeleton (D:4)
  A quokka zombie (D:6)
  9 rats
272 creatures vanquished.

Notes
Turn   | Place    | Note
--------------------------------------------------------------
     0 | D:1      | Dirtsage the Octopode Monk began the quest for the Orb.
     0 | D:1      | Reached XP level 1. HP: 16/16 MP: 1/1
   111 | D:1      | Reached XP level 2. HP: 18/21 MP: 2/2
   423 | D:1      | Reached XP level 3. HP: 26/26 MP: 3/3
  1202 | D:2      | Reached XP level 4. HP: 31/33 MP: 4/4
  1475 | D:2      | Found a sacrificial altar of Ru.
  1793 | D:2      | Reached skill level 5 in Unarmed Combat
  1793 | D:2      | Reached XP level 5. HP: 25/37 MP: 5/5
  1981 | D:3      | Found a shattered altar of Ashenzari.
  1985 | D:3      | Saw a vision of the Shoals and the Snake Pit.
  1985 | D:3      | Noticed a merfolk
  1985 | D:3      | Noticed a centaur
  1985 | D:3      | Noticed a siren
  1985 | D:3      | Noticed a sea snake
  1985 | D:3      | Noticed a salamander
  1985 | D:3      | Noticed a black mamba
  1985 | D:3      | Noticed a black mamba
  1985 | D:3      | Noticed a black mamba
  1985 | D:3      | Noticed a naga sharpshooter
  1985 | D:3      | Noticed a naga mage
  1985 | D:3      | Noticed a naga warrior
  1986 | D:3      | Noticed a naga sharpshooter
  1987 | D:3      | Noticed a siren
  2711 | D:4      | Noticed MDvedh's ghost (amateur VSFE)
  2722 | D:4      | Killed MDvedh's ghost
  2722 | D:4      | Reached XP level 6. HP: 41/44 MP: 6/6
  2731 | D:4      | Noticed an ogre
  2738 | D:4      | HP: 2/44 [ogre/giant club (30)]
  2742 | D:4      | Killed an ogre
  3062 | D:4      | Found a deep blue altar of Sif Muna.
  3082 | D:4      | Found Otepsuj's Weapon Emporium.
  3464 | D:4      | Found a staircase to the Ecumenical Temple.
  3502 | Temple   | Entered the Ecumenical Temple
  3519 | Temple   | Became a worshipper of Zin the Law-Giver
  3519 | Temple   | Reached * piety under Zin
  3519 | Temple   | Reached ** piety under Zin
  3829 | D:4      | Found a stormy altar of Qazlal.
  3874 | D:4      | Reached skill level 5 in Dodging
  3927 | D:4      | Reached XP level 7. HP: 40/49 MP: 7/7
  4049 | D:5      | Entered Level 5 of the Dungeon
  4050 | D:5      | Found an opulent altar of Gozag.
  4288 | D:5      | HP: 2/49 [gnoll sergeant/trident of protection (8)]
  4678 | D:5      | Reached skill level 6 in Unarmed Combat
  4689 | D:5      | HP: 1/49 [centaur (8)]
  4700 | D:5      | Reached skill level 5 in Fighting
  4982 | D:5      | Reached skill level 1 in Shields
  5076 | D:5      | Reached XP level 8. HP: 21/56 MP: 8/8
  5918 | D:5      | Found a shadowy altar of Dithmenos.
  5981 | D:5      | Reached *** piety under Zin
  6283 | D:5      | Reached skill level 7 in Unarmed Combat
  6693 | D:6      | Noticed cireshan's ghost (amateur DECj)
  6711 | D:6      | Killed cireshan's ghost
  7011 | D:6      | Reached skill level 1 in Invocations
  7369 | D:7      | Noticed Menkaure
  7378 | D:7      | Killed Menkaure
  7378 | D:7      | Reached XP level 9. HP: 50/62 MP: 8/10
  7587 | D:7      | Reached **** piety under Zin
  7860 | D:7      | Found a basalt altar of Yredelemnul.
  8409 | D:7      | Reached skill level 8 in Unarmed Combat
  8717 | D:7      | Found a shimmering altar of Xom.
  8717 | D:7      | Noticed Prince Ribbit
  8727 | D:7      | Killed Prince Ribbit
  8874 | D:7      | Found an iron altar of Okawaru.
  8990 | D:8      | Noticed Grum
  9006 | D:8      | Reached XP level 10. HP: 21/69 MP: 10/13
  9009 | D:8      | Reached skill level 9 in Unarmed Combat
  9021 | D:8      | Killed Grum
  9130 | D:8      | Reached skill level 5 in Invocations
  9170 | D:8      | Noticed Erica
  9190 | D:8      | Killed Erica
  9192 | D:8      | Got a translucent copper amulet
  9695 | D:8      | HP: 3/69 [hound skeleton (2)]
 10182 | D:8      | Identified the amulet of Reimbursement {-Tele +Rage rElec rF+} (You took it off Erica on level 8 of the Dungeon)
 10362 | D:8      | Noticed a green ugly thing
 10384 | D:8      | Killed a green ugly thing
 10384 | D:8      | Reached skill level 10 in Unarmed Combat
 10685 | D:8      | Reached XP level 11. HP: 58/73 MP: 16/16
 11069 | D:8      | Noticed Maurice
 11116 | D:8      | Killed Maurice
 11119 | D:8      | Reached ***** piety under Zin
 11133 | D:8      | Reached ****** piety under Zin
 11335 | D:9      | Found a staircase to the Lair.
 11345 | D:9      | Reached skill level 11 in Unarmed Combat
 11796 | D:9      | Found a glowing golden altar of the Shining One.
 12000 | D:10     | Entered Level 10 of the Dungeon
 12581 | D:11     | Noticed Josephine
 12590 | D:11     | Killed Josephine
 12610 | D:10     | HP: 1/77 [wraith[Josephine] (9)]
 12715 | D:11     | Reached skill level 10 in Dodging
 12780 | D:11     | Identified Sif Muna's Almanac of Ensnaring Transformation
 12787 | D:11     | Learned a level 5 spell: Summon Mana Viper
 12909 | D:11     | Noticed a five-headed hydra
 12918 | D:11     | Mangled by a five-headed hydra

Action                   |  1- 3 |  4- 6 |  7- 9 | 10-12 || total
-------------------------+-------+-------+-------+-------++-------
Melee: Unarmed           |    87 |   118 |   326 |   362 ||   893
Invok: Recite            |       |       |     5 |    12 ||    17
       Vitalisation      |       |       |     3 |     8 ||    11
Evoke: Wand              |       |       |       |     1 ||     1
  Use: Scroll            |       |     4 |     1 |     4 ||     9
       Potion            |       |       |     5 |    12 ||    17
 Stab: Sleeping          |     2 |    10 |    15 |     6 ||    33
       Distracted        |       |     2 |     3 |     2 ||     7
       Confused          |       |       |       |    10 ||    10
       Paralysed         |       |       |       |     2 ||     2
  Eat: Chunk             |     1 |     8 |    12 |    10 ||    31
       Beef jerky        |       |       |     1 |       ||     1
       Pizza             |       |       |     1 |       ||     1
       Bread ration      |       |       |       |     1 ||     1
       Royal jelly       |       |       |       |     1 ||     1
